 Dungeon Sprint DCSS version 0.31.0-12-g77e489cdc1 (webtiles) character file.

Game seed: 10435390459481558629

2536 BigDaddyOpFi the Cleaver (level 9, -3/92 HPs)
             Began as a Hill Orc Fighter on Feb 22, 2024.
             Was a Believer of Qazlal.
             Slain by a manticore (17 damage)
             ... in the Dungeon (Sprint IX: "|||||||||||||||||||||||||||||").
             The game lasted 00:02:16 (1053 turns).

BigDaddyOpFi the Cleaver (Hill Orc Fighter)         Turns: 1053, Time: 00:02:16

Health: -3/92      AC: 18    Str: 26    XL:     9   Next: 55%
Magic:  5/11       EV: 10    Int:  8    God:    Qazlal [**....]
Gold:   0          SH:  9    Dex: 10    Spells: 8/8 levels left

rFire   . . .        n - +1 broad axe (heavy)
rCold   . . .        c - +0 buckler
rNeg    . . .        p - +1 chain mail
rPois   .            o - +0 helmet
rElec   .            a - +0 cloak
rCorr   .            (no gloves)
SInv    .            (no boots)
Will    .....        (no amulet) Stlth
                     q - +2 ring of protection
HPRegen 0.35/turn    r - +3 ring of strength
MPRegen 0.12/turn

%: no teleportation
@: invisible
A: no striking features
a: Renounce Religion, Upheaval


You were in the Dungeon.
You worshipped Qazlal.
Qazlal was pleased with you.
You visited 1 branch

Inventory:

Hand Weapons
 n - a +1 heavy broad axe (weapon)
Armour
 a - a +0 cloak (worn)
 c - a +0 buckler (worn)
 o - a +0 helmet (worn)
 p - a +1 chain mail (worn)
Jewellery
 q - a +2 ring of protection (left hand)
 r - a +3 ring of strength (right hand)
Wands
 m - a wand of roots (6) (quivered)
Scrolls
 j - a scroll of blinking
 l - 2 scrolls of amnesia
Potions
 e - 3 potions of curing
 g - a potion of haste
 h - 4 potions of magic


   Skills:
 + Level 12.9 Fighting
 + Level 14.1 Axes
 + Level 13.0 Armour
 + Level 3.5 Dodging
 + Level 1.4 Stealth
 + Level 9.9 Shields
 + Level 2.9 Invocations
 + Level 2.3 Evocations


You had 8 spell levels left.
You didn't know any spells.
Your spell library was empty.

Dungeon Overview and Level Annotations

Branches:
Dungeon (1/1)

Altars:
Cheibriados
Dithmenos
Elyvilon
Fedhas
Gozag
Hepliaklqana
Kikubaaqudgha
Makhleb
Nemelex Xobeh
Okawaru
Qazlal
Ru
Sif Muna
Trog
Uskayaw
Vehumet
Wu Jian
Xom
Yredelemnul
Zin
The Shining One
Beogh
Jiyva
Lugonu


Message History

The yak gores you but does no damage.
The manticore flicks its tail.
The volley of spikes skewers the tengu conjurer!
Unknown command.
Unknown command.
You slice the yak!!
The yak is almost dead.
The yak gores you.
* * * LOW HITPOINT WARNING * * *
The manticore flicks its tail.
The volley of spikes skewers the tengu conjurer!!
The tengu conjurer dies!
The battlesphere dissipates.
You block the yak's attack.
Unknown command.
You barely miss the yak.
The yak is almost dead.
The manticore flicks its tail.
The volley of spikes skewers the yak!
The yak dies!
The yak's shape twists and changes as it dies.
Your Axes skill increases to level 14!
Your Armour skill increases to level 13!
Items here: ) [[ ††.
The manticore flicks its tail.
The volley of spikes misses you.
There is an open door to the Dungeon, spattered with blood here.
Items here: ) [[[ †.
The manticore bites you.
* * * LOW HITPOINT WARNING * * *
You block the manticore's attack.
The manticore claws you but does no damage.
You barely miss the manticore. You block the manticore's attack.
The manticore claws you but does no damage.
The manticore closely misses you. You block the manticore's attack.
The manticore barely misses you.
The manticore claws you but does no damage.
You barely miss the manticore. The manticore barely misses you.
You block the manticore's attack. The manticore misses you.
You barely miss the manticore. The manticore bites you!
You die... ▓▓▓▓▓▓▓▓▓▓▓▓▓▓▓▓▓▓▓▓▓▓▓▓▓▓▓▓▓ _____'..).....)[@H....†.*YQH. ▓▓▓▓▓▓▓▓▓▓▓▓▓▓▓▓▓▓▓▓▓▓▓▓▓▓▓▓▓

You could see a manticore (unable to see you).

Vanquished Creatures
  A hydra (D)
  A boulder beetle (D)
  A manticore (D)
  2 trolls (D)
  A wyvern (D)
  An acid dragon (D)
  A gnoll sergeant (D)
  2 howler monkeys (D)
  An iguana (D)
  An orc wizard (D)
  An adder (D)
  An orc (D)
  3 hobgoblins (D)
  A kobold (D)
  A rat (D)
19 creatures vanquished.

Vanquished Creatures (others)
  A tengu conjurer (D)
  A yak (shapeshifter) (D)
2 creatures vanquished.

Grand Total: 21 creatures vanquished

Notes
Turn   | Place    | Note
-------+----------+-------------------------------------------
     0 | D        | BigDaddyOpFi the Hill Orc Fighter began the quest for the
                  | Orb.
     0 | D        | Reached XP level 1. HP: 19/19 MP: 1/1
    17 | D        | Reached skill level 3 in Axes
    27 | D        | Noticed a howler monkey
    27 | D        | Noticed an iguana
    27 | D        | Noticed a howler monkey
    31 | D        | Reached XP level 2. HP: 28/28 MP: 2/2
    32 | D        | Killed a howler monkey
    33 | D        | Reached skill level 5 in Fighting
    33 | D        | Reached skill level 4 in Axes
    33 | D        | Reached skill level 5 in Armour
    33 | D        | Reached skill level 5 in Shields
    33 | D        | Reached XP level 3. HP: 37/37 MP: 3/3
    43 | D        | Reached XP level 4. HP: 10/45 MP: 4/4
    49 | D        | Reached skill level 5 in Axes
    49 | D        | Reached XP level 5. HP: 8/52 MP: 5/5
   447 | D        | Found a roughly hewn altar of Beogh.
   447 | D        | Found a snail-covered altar of Cheibriados.
   447 | D        | Found a shadowy altar of Dithmenos.
   447 | D        | Found a white marble altar of Elyvilon.
   447 | D        | Found a blossoming altar of Fedhas.
   447 | D        | Found an opulent altar of Gozag.
   448 | D        | Found a hazy altar of Hepliaklqana.
   449 | D        | Found a viscous altar of Jiyva.
   450 | D        | Found an ancient bone altar of Kikubaaqudgha.
   451 | D        | Found a corrupted altar of Lugonu.
   452 | D        | Found a burning altar of Makhleb.
   453 | D        | Found a sparkling altar of Nemelex Xobeh.
   454 | D        | Found an iron altar of Okawaru.
   455 | D        | Found a stormy altar of Qazlal.
   456 | D        | Found a sacrificial altar of Ru.
   457 | D        | Found a shimmering blue altar of Sif Muna.
   458 | D        | Found a bloodstained altar of Trog.
   459 | D        | Found a hide-covered altar of Uskayaw.
   460 | D        | Found a radiant altar of Vehumet.
   461 | D        | Found an ornate altar of the Wu Jian Council.
   462 | D        | Found a shimmering altar of Xom.
   463 | D        | Became a worshipper of Qazlal Stormbringer
   464 | D        | Found a basalt altar of Yredelemnul.
   465 | D        | Found a glowing silver altar of Zin.
   466 | D        | Found a glowing golden altar of the Shining One.
   521 | D        | Noticed a troll
   521 | D        | Noticed a wyvern
   521 | D        | Noticed a troll
   521 | D        | Noticed an acid dragon
   534 | D        | Killed a troll
   535 | D        | Reached skill level 8 in Axes
   535 | D        | Reached skill level 1 in Dodging
   535 | D        | Reached XP level 6. HP: 62/63 MP: 6/6
   543 | D        | Killed a troll
   543 | D        | Reached * piety under Qazlal
   544 | D        | Reached skill level 10 in Fighting
   544 | D        | Reached skill level 9 in Axes
   544 | D        | Reached XP level 7. HP: 32/73 MP: 7/7
   547 | D        | Killed a wyvern
   548 | D        | Reached skill level 10 in Axes
   548 | D        | Reached skill level 10 in Armour
   555 | D        | Reached ** piety under Qazlal
   556 | D        | Reached XP level 8. HP: 38/82 MP: 8/8
  1021 | D        | Noticed a boulder beetle
  1021 | D        | Noticed a manticore
  1021 | D        | Noticed a four-headed hydra
  1021 | D        | Noticed a yak
  1021 | D        | Noticed a tengu conjurer
  1021 | D        | Noticed a manticore
  1032 | D        | Killed a manticore
  1033 | D        | Reached skill level 11 in Axes
  1033 | D        | Reached skill level 1 in Evocations
  1040 | D        | Killed a boulder beetle
  1041 | D        | Reached skill level 13 in Axes
  1041 | D        | Reached XP level 9. HP: 50/91 MP: 3/10
  1044 | D        | Killed an eight-headed hydra
  1045 | D        | Reached skill level 1 in Stealth
  1046 | D        | Killed a tengu conjurer
  1048 | D        | Reached skill level 14 in Axes
  1053 | D        | Slain by a manticore

Illustrated notes

Levels and vault maps discovered:
D:        linesprint [early_d, line_temple, items_1, d_10, items_2, lair_1,
          lair_end, items_3, orc_1, orc_end, items_4, d_15, swamp_1, shoals_1,
          snake_1, spider_1, d_20, vaults_1, items_5, swamp_end, shoals_end,
          snake_end, spider_end, vaults_end, d_27, items_6, zot_1, zot_end,
          crypt_end, forest_end, elf_end, slime_end, tomb_end, abyss_end,
          pan_hell_end]

Skill      XL: |  1  2  3  4  5  6  7  8  9 |
---------------+----------------------------+-----
Fighting       | 4 5 6 7 9 10 11 12 | 12.9
Axes           | 3 4 5 8 9 10 13 14 | 14.1
Armour         | 4 5 6 8 9 10 12 13 | 13.0
Shields        | 4 5 6 7 8 9 |  9.9
Dodging        | 1 2 3 |  3.5
Evocations     | 1 2 |  2.3
Invocations    | 2 |  2.9
Stealth        | 1 |  1.4

Action                     |  1- 3 |  4- 6 |  7- 9 || total
---------------------------+-------+-------+-------++-------
  Melee: War axe           |    32 |     6 |       ||    38
         Broad axe         |       |    14 |    25 ||    39
 Invoke: Upheaval          |       |       |     2 ||     2
  Evoke: Wand              |       |       |     4 ||     4
    Use: Potion            |       |     4 |     4 ||     8
         Scroll            |       |       |     1 ||     1
   Stab: Invisible         |       |       |     1 ||     1
 Armour: Scale mail        |    14 |     2 |       ||    16
         Chain mail        |       |    41 |    52 ||    93
  Dodge: Dodged            |    16 |    11 |    25 ||    52
  Block: Buckler           |     6 |    12 |    16 ||    34
